 Dungeon Crawl Stone Soup version 0.28-b1-25-g9875b3fc8c (webtiles) character file.

Game seed: 16041750083795585213

130 lordive the Conjurer (level 5, -10/28 HPs)
             Began as a Tengu Conjurer on Feb 1, 2022.
             Killed from afar by Ijyb (13 damage)
             ... with an iceblast
             ... on level 3 of the Dungeon.
             The game lasted 00:04:03 (3232 turns).

lordive the Conjurer (Tengu Conjurer)               Turns: 3232, Time: 00:04:04

Health: -10/28     AC:  3    Str:  7    XL:     5   Next: 13%
Magic:  3/10       EV: 14    Int: 21    God:
Gold:   54         SH:  0    Dex: 12    Spells: 6/9 levels left

rFire   . . .      SeeInvis .   (no weapon)
rCold   . . .      Faith    .   (no shield)
rNeg    . . .      Spirit   .   a - +0 robe
rPois   .          Reflect  .   (helmet restricted)
rElec   .          Harm     .   i - +0 cloak
rCorr   .          Rampage  .   (no gloves)
Will    .....                   (boots unavailable)
Stlth   ++........              (no amulet)
HPRegen 0.09/turn               (no ring)
MPRegen 0.12/turn               (no ring)

@: flying quickly and evasively, quick
A: beak, talons 3, nimble flight
a: no special abilities


You were on level 3 of the Dungeon.
You visited 1 branch of the dungeon, and saw 3 of its levels.

You collected 54 gold pieces.

Inventory:

Armour
 a - a +0 robe (worn)
 b - a +0 leather armour
 i - a +0 cloak (worn)
Jewellery
 e - a ring of fire
Wands
 p - a wand of paralysis (12)
Scrolls
 c - a scroll of fog {unknown}
 f - 2 scrolls of silence {unknown}
 g - 2 scrolls of identify {unknown}
 j - a scroll of enchant weapon {unknown}
 l - 2 scrolls of teleportation {unknown}
 m - a scroll of blinking {unknown}
 n - a scroll of immolation {unknown}
 q - a scroll of noise {unknown}
Potions
 d - 2 potions of invisibility {unknown}
 h - a potion of magic {unknown}
 k - a potion of ambrosia {unknown}
 o - a potion of brilliance {unknown}


   Skills:
 + Level 0.4 Fighting
 + Level 2.5 Dodging
 - Level 2.0 Stealth
 + Level 2.7 Spellcasting
 + Level 7.2 Conjurations
 * Level 1.4 Fire Magic


You had 6 spell levels left.
You knew the following spells:

 Your Spells              Type           Power      Damage    Failure   Level
a - Magic Dart            Conj           100%       1d8       1%          1
b - Searing Ray           Conj           66%        2d6       1%          2

Your spell library contained the following spells:

 Spells                   Type           Power      Damage    Failure   Level
 Dazzling Flash           Conj/Hex       36%        N/A       10%         3
 Stone Arrow              Conj/Erth      36%        3d9       10%         3
 Sandblast                Erth           4%         2d4       14%         1
 Ensorcelled Hibernation  Hex/Ice        4%         N/A       21%         2
 Passwall                 Tmut/Erth      1%         N/A       21%         2
 Fulminant Prism          Conj/Hex       9%         3d7       30%         4
 Iskenderun's Mystic Bla  Conj/Tloc      18%        2d6       30%         4
 Call Canine Familiar     Summ           2%         N/A       38%         3
 Portal Projectile        Hex/Tloc       4%         N/A       38%         3
 Spider Form              Tmut/Pois      2%         N/A       38%         3
 Anguish                  Hex/Necr       1%         N/A       80%         4
 Leda's Liquefaction      Hex/Erth       1%         N/A       80%         4
 Starburst                Conj/Fire      10%        6d5       98%         6


Dungeon Overview and Level Annotations

Branches:
Dungeon (3/15)

Altars:

Annotations:
D:3 Ijyb


Innate Abilities, Weirdness & Mutations

You have a beak for a mouth.
You have claws for feet.
Your magical nature lets you fly swiftly and evasively.


Message History

The searing ray misses the hound.
The hound bites you. The hound barely misses you.
The searing ray hits the hound!
You kill the hound!
You finish channelling your searing ray.
You have reached level 5!
Your magical nature develops, letting you fly swiftly and evasively.
You see here a +0 pair of boots.
HP restored.
q - a scroll labelled YNIRABL DUMIBB Ijyb the Twisted Goblin comes into view.
She is wielding a +0 club and carrying a wand of iceblast (3).
Ijyb shouts!
Ijyb is nearby!
Ijyb is nearby!
Ijyb is nearby!
The magic dart hits Ijyb.
Ijyb is lightly wounded.
The magic dart hits Ijyb.
Ijyb is lightly wounded.
Ijyb zaps a wand.
The mass of ice explodes!
The iceblast engulfs you!
Casting: Magic Dart (safe; 1% risk of failure)
Confirm with . or Enter, or press ? or * to list all spells.
Aiming: Searing Ray (safe; 1% risk of failure)
Press: ? - help, Shift-Dir - straight line, f/p - Ijyb
Aim: Ijyb, wielding a +0 club, wearing a +0 ring mail and carrying a wand of iceblast (2) (lightly wounded, 78% to hit)
The searing ray hits Ijyb!
Ijyb is heavily wounded. (Press . to maintain the ray.)
The searing ray hits Ijyb but does no damage.
Ijyb is heavily wounded.
Ijyb zaps a wand.
The mass of ice explodes!
The iceblast engulfs you!
Ouch! That really hurt!
* * * LOW HITPOINT WARNING * * *
The searing ray hits Ijyb!
Ijyb is almost dead.
The searing ray hits Ijyb but does no damage.
Ijyb is almost dead.
You finish channelling your searing ray.
Ijyb zaps a wand.
The mass of ice explodes!
The iceblast engulfs you!
You die...

#..#...... ...# ##...
...####..###.## ..
##.## #.. #... # #. ...
#... #.# #g# #.# #.###
#.# #@..# #.# ###.# #.#
#.# #.# #.# ##.## #.#
#######...#####.####...
#............[......#
#.##.##...#####.###.#
#>##.###### #...


You could see Ijyb.

Vanquished Creatures
  A hound (D:3)
  4 adders
  2 worms (D:2)
  3 orcs
  4 ball pythons
  5 endoplasms
  5 giant cockroaches
  4 goblins
  3 hobgoblins (D:1)
  5 jackals (D:2)
  3 kobolds
  4 bats
  3 frilled lizards
  7 rats
53 creatures vanquished.

Notes
Turn   | Place    | Note
-------+----------+-------------------------------------------
     0 | D:1      | lordive the Tengu Conjurer began the quest for the Orb.
     0 | D:1      | Reached XP level 1. HP: 10/10 MP: 4/4
   111 | D:1      | Reached XP level 2. HP: 10/15 MP: 0/6
   114 | D:1      | Learned a level 2 spell: Searing Ray
   348 | D:1      | Reached skill level 6 in Conjurations
   805 | D:1      | Found a faded altar of an unknown god.
  1023 | D:1      | Reached XP level 3. HP: 19/19 MP: 5/7
  1998 | D:2      | Reached XP level 4. HP: 24/24 MP: 4/8
  2449 | D:2      | You fall into a shaft and drop 1 floor!
  2473 | D:3      | Reached skill level 7 in Conjurations
  3150 | D:3      | Reached skill level 1 in Fire Magic
  3152 | D:3      | Gained mutation: Your magical nature lets you fly swiftly
                  | and evasively. [Tengu growth]
  3152 | D:3      | Reached XP level 5. HP: 22/28 MP: 3/10
  3226 | D:3      | Noticed Ijyb
  3232 | D:3      | Killed from afar by Ijyb

Illustrated notes

Levels and vault maps discovered:
D:1:      psy_arrival_dodecagon, layout_basic, basic_ecumenical_altar,
          serial_bayou, serial_bayou_shore_b, serial_bayou_shore_a,
          serial_bayou_shore_b, serial_bayou_pond_a, minmay_pentomino_w4
D:2:      layout_basic, serial_co_window_serial, co_window_corner_a,
          co_window_corner_a, co_window_of_opportunity_a, co_window_cross_1,
          co_window_corner_a, co_window_corner_a, co_window_corner_a,
          co_window_2corner, co_window_corner_cb, co_window_2corner,
          co_window_broadway_b, co_window_paths_e, glass_columns_a,
          corexii_shack
D:3:      layout_loops_ring, uniq_ijyb

Skill      XL: |  1  2  3  4 |
---------------+-------------+-----
Conjurations   | 6 7 |  7.2
Fire Magic     | 1 |  1.4
Fighting       | |  0.4
Dodging        | |  2.5
Stealth        | |  2.0
Spellcasting   | |  2.7

Action                   |  1- 3 |  4- 6 || total
-------------------------+-------+-------++-------
 Cast: Magic Dart        |    67 |    34 ||   101
       Searing Ray       |     2 |     4 ||     6
Armor: Robe              |     8 |     2 ||    10
Dodge: Dodged            |    16 |    10 ||    26
